 Dungeon Crawl Stone Soup version 0.27.1 (webtiles) character file.

Game seed: 9639840077959723972

71484 AIAndy the Pandemonic (level 14, 0/118 HPs)
             Began as a Demonspawn Fighter on Aug 26, 2021.
             Was a High Priest of Makhleb.
             Slain by a dire elephant simulacrum (16 damage)
             ... in an ice cave on Aug 27, 2021.
             The game lasted 02:20:40 (25849 turns).

AIAndy the Pandemonic (Demonspawn Fighter)         Turns: 25849, Time: 02:20:40

Health: 0/118      AC: 19    Str: 21    XL:     14   Next: 98%
Magic:  26/26      EV: 10    Int: 10    God:    Makhleb [*****.]
Gold:   914        SH: 18    Dex: 18    Spells: 13/13 levels left

rFire    . . .     SeeInvis .     - Unarmed
rCold    . . .     Faith    .   c - +0 kite shield
rNeg     . . .     Spirit   .   n - +5 ring mail {rPois}
rPois    +         Reflect  +   (helmet restricted)
rElec    .         Harm     .   M - +0 cloak
rCorr    .         Rampage  .   (no gloves)
Will     +....                  (no boots)
Stlth    +.........             N - amulet of reflection
HPRegen  1.29/turn              T - +4 ring of protection
MPRegen  0.20/turn              Z - ring of the Komodo Dragon {AC+4 Dex+5}

@: no status effects
A: antennae 2, claws 2, talons 2, ignite blood 1, powered by death 2
a: Renounce Religion, Minor Destruction, Lesser Servant of Makhleb, Major
Destruction, Greater Servant of Makhleb


You were in an ice cave.
You worshipped Makhleb.
Makhleb was extremely pleased with you.
You visited 4 branches of the dungeon, and saw 22 of its levels.
You also visited: Bailey and Ice Cave.

You collected 2255 gold pieces.
You spent 1341 gold pieces at shops.


Innate Abilities, Weirdness & Mutations

You have a pair of antennae on your head.
You have very sharp fingernails.
You have razor-sharp toenails.
Your demonic aura sometimes causes spilled blood to erupt in flames.
You regenerate health from kills.


   Skills:
 + Level 13.6 Fighting
 - Level 1.7 Short Blades
 + Level 3.3 Armour
 + Level 12.6 Shields
 + Level 12.2 Unarmed Combat
 + Level 16.2 Invocations


You had 13 spell levels left.
You didn't know any spells.
Your spell library contained the following spells:

 Spells                   Type           Power      Damage    Failure   Level
 Sandblast                Erth           0%         2d4       63%         1
 Blink                    Tloc           N/A        N/A       77%         2
 Ensorcelled Hibernation  Hex/Ice        0%         N/A       77%         2
 Static Discharge         Conj/Air       0%         N/A       77%         2
 Lesser Beckoning         Tloc           0%         N/A       94%         3
 Spider Form              Tmut/Pois      0%         N/A       94%         3
 Animate Dead             Necr           0%         N/A       100%        4
 Dispel Undead            Necr           0%         3d6       100%        4
 Olgreb's Toxic Radiance  Pois           0%         N/A       100%        4
 Sticky Flame             Conj/Fire      0%         2d3       100%        4
 Freezing Cloud           Conj/Ice/Air   0%         6-21      100%        5
 Manifold Assault         Tloc           0%         N/A       100%        5
 Summon Forest            Summ/Tloc      0%         N/A       100%        5
 Eringya's Noxious Bog    Tmut/Pois      0%         N/A       100%        6
 Shadow Creatures         Summ           N/A        N/A       100%        6
 Simulacrum               Ice/Necr       0%         N/A       100%        6
 Statue Form              Tmut/Erth      0%         N/A       100%        6
 Haunt                    Necr/Summ      0%         N/A       100%        7
 Ozocubu's Refrigeration  Ice            0%         4d5       100%        7
 Storm Form               Tmut/Air       0%         N/A       100%        7
 Summon Hydra             Summ           0%         N/A       100%        7
 Disjunction              Tloc           0%         N/A       100%        8
 Ignition                 Fire           0%         3d3       100%        8
 Infestation              Necr           0%         N/A       100%        8
 Polar Vortex             Ice            0%         N/A       100%        9

Inventory:

Hand Weapons
 t - the +5 trident of the Warrior {elec, rF+}
   (You found it on level 8 of the Dungeon)

   It occasionally discharges a powerful burst of electricity upon striking a
   foe.
   rF:        It protects you from fire.
 D - the +11 hand axe "Lyejipn" {protect, *Slow rPois Dex+6 Stlth+}
   (You found it on level 7 of the Dungeon)

   It grants its wielder temporary protection when it strikes (+7 to AC).
   Dex:       It affects your dexterity (+6).
   rPois:     It protects you from poison.
   *Slow:     It may slow you when you take damage.
   Stlth:     It makes you more stealthy.
 I - the +5 scythe "Finisher" {speed, eviscerate}
   (You found it on level 8 of the Dungeon)

   Attacks with this weapon are significantly faster.
   It may eviscerate those it strikes, slaying them instantly, with a decreasing
   chance against stronger foes.
Missiles
 R - 105 boomerangs
Armour
 a - a +0 tower shield
 c - a +0 kite shield (worn)
 n - a +5 ring mail of poison resistance (worn)
 M - a +0 cloak (worn)
Jewellery
 l - an amulet of guardian spirit
 q - the ring "Itum" {rPois rF+ Int+4 SInv Stlth+}
   (You acquired it on level 6 of the Dungeon)

   [ring of see invisible]

   Int:       It affects your intelligence (+4).
   rF:        It protects you from fire.
   rPois:     It protects you from poison.
   SInv:      It lets you see invisible.
   Stlth:     It makes you more stealthy.
 L - a ring of flight
 N - an amulet of reflection (around neck)
 T - a +4 ring of protection (left claw)
 U - an amulet of regeneration
 W - a ring of willpower
 Z - the ring of the Komodo Dragon (right claw) {AC+4 Dex+5}
   (You bought it in a shop on level 2 of the Orcish Mines)

   [ring of protection]

   AC:        It affects your AC (+4).
   Dex:       It affects your dexterity (+5).
Wands
 b - a wand of mindburst (22)
 m - a wand of polymorph (5)
 s - a wand of charming (12)
 J - a wand of flame (44)
 P - a wand of paralysis (9)
 X - a wand of iceblast (5)
Scrolls
 e - a scroll of silence {!r}
 f - a scroll of magic mapping
 g - 3 scrolls of enchant armour
 j - 6 scrolls of blinking
 u - a scroll of immolation
 v - 3 scrolls of fog
 y - 7 scrolls of teleportation {@r2}
 A - 2 scrolls of vulnerability
 Q - a scroll of summoning {unknown}
 S - a scroll of holy word
 Y - 2 scrolls of fear
Potions
 d - 6 potions of might
 i - 3 potions of ambrosia
 o - 5 potions of curing {@q1}
 p - 4 potions of lignification
 r - 4 potions of resistance
 w - 4 potions of mutation
 z - a potion of berserk rage {!q}
 C - 2 potions of flight
 G - 3 potions of haste {@q3}
 H - 2 potions of cancellation
 O - 3 potions of invisibility
Miscellaneous
 h - a lightning rod (4/4)
 x - a box of beasts
 V - a piece from Xom's chessboard (15/15)

Dungeon Overview and Level Annotations

Branches:
Dungeon (13/15)            Temple (1/1) D:5            Lair (6/6) D:9
 Shoals (0/4) Lair:3        Snake (0/4) Lair:2        Slime (0/5) Lair:6
    Orc (2/2) D:11            Elf (0/3) Orc:2        Bailey (visited)
  IceCv (1/1)
 Vaults: D:13-14

Altars:
Ashenzari
Cheibriados
Dithmenos
Elyvilon
Fedhas
Gozag
Hepliaklqana
Kikubaaqudgha
Makhleb
Nemelex Xobeh
Okawaru
Qazlal
Ru
Sif Muna
Trog
Uskayaw
Vehumet
Wu Jian
Xom
Yredelemnul
Zin
The Shining One
Beogh

Shops:
D:6 ?   Orc:1 **   Orc:2 ([*=?

Annotations:
D:3 Jessica
Orc:2 3 runed translucent doors, chispire's ghost, adept MiBe; dropboar's ghost, adept GrFi; makewrite's ghost, journeyman MiFi; paps's ghost, journeyman DsGl; sm0rk's ghost, journeyman MfIE

####
####...##
##........
##.........
##..........
#...Z...8..$
#..@W.....$.
#.∩.Z4...$[©
#.........$.
#.......8../
##..........
##.........
##........
####...##
####


You could see a freezing wraith (ally target), a death yak simulacrum, a dire
elephant simulacrum and a friendly hellwing (summoned, slow).


Message History

The dire elephant simulacrum tramples you but does no damage.
You block the dire elephant simulacrum's attack.
The death yak simulacrum gores you but does no damage.
You claw the death yak simulacrum!
You claw the death yak simulacrum, but do no damage.
The death yak simulacrum is severely damaged.
Your hellwing hits the freezing wraith but does no damage.
Your hellwing barely misses the freezing wraith.
You scratch the death yak simulacrum but do no damage.
You claw the death yak simulacrum.
The death yak simulacrum is severely damaged.
The freezing wraith hits your hellwing but does no damage.
The freezing wraith barely misses your hellwing.
You block the dire elephant simulacrum's attack.
The dire elephant simulacrum trunk-slaps you.
* * * LOW HITPOINT WARNING * * *
The dire elephant simulacrum freezes you!!
* * * LOW HITPOINT WARNING * * *
You block the death yak simulacrum's attack.
You feel much better.
The freezing wraith hits your hellwing but does no damage.
The freezing wraith barely misses your hellwing.
The dire elephant simulacrum tramples you.
* * * LOW HITPOINT WARNING * * *
The dire elephant simulacrum freezes you!!
* * * LOW HITPOINT WARNING * * *
The dire elephant simulacrum trunk-slaps you.
* * * LOW HITPOINT WARNING * * *
The dire elephant simulacrum freezes you!
You die...

Skill      XL: |  1  2  3  4  5  6  7  8  9 10 11 12 13 14 |
---------------+-------------------------------------------+-----
Shields        | 3 4 5 6 7 8 9 10 11 12 | 12.6
Fighting       | 4 5 6 8 9 10 11 12 13 | 13.6
Unarmed Combat | 1 2 3 5 6 7 9 10 11 12 | 12.2
Invocations    | 1 3 4 6 9 10 12 13 15 16 | 16.2
Armour         | 3 |  3.3
Short Blades   | |  1.7

Action                   |  1- 3 |  4- 6 |  7- 9 | 10-12 | 13-15 || total
-------------------------+-------+-------+-------+-------+-------++-------
Melee: Rapier            |    67 |       |       |       |       ||    67
       Unarmed           |   107 |   190 |   384 |   459 |   710 ||  1850
       Kick              |       |    34 |   117 |   148 |   245 ||   544
Throw: Stone             |       |     2 |       |       |       ||     2
Invok: Minor Destruction |       |    17 |    47 |   184 |   275 ||   523
       Lesser Servant of |       |       |     6 |     7 |    21 ||    34
       Major Destruction |       |       |       |     3 |     9 ||    12
       Greater Servant o |       |       |       |       |     5 ||     5
  Use: Scroll            |       |     5 |     2 |     9 |    10 ||    26
       Potion            |       |       |     2 |     1 |     3 ||     6
 Stab: Distracted        |       |       |       |     1 |     5 ||     6
Armor: Scale mail        |    54 |    16 |       |       |       ||    70
       Ring mail         |       |    63 |   148 |   215 |   179 ||   605
Dodge: Dodged            |    45 |    53 |   124 |   127 |   185 ||   534
Block: Kite shield       |    62 |    68 |   220 |   378 |   624 ||  1352
       Reflection        |       |       |       |     6 |    17 ||    23

Levels and vault maps discovered:
D:1:      dpeg_arrival_orchard, layout_basic,
          shapermc_ecumenical_altar_mp_urbaneastern, kennysheep_nondescript
D:2:      layout_rooms, minmay_bisected, uniq_natasha, uniq_sigmund
D:3:      layout_loops_ring, uniq_ijyb, uniq_jessica
D:4:      layout_basic, serial_bayou_pond_d, uniq_blork_the_orc
D:5:      layout_basic, good_gods_mini_temple, amcnicky_altar_gilded,
          okawaru_ov_weapons_minmay, minmay_temple_entry_offerings,
          chequers_big_river, uniq_menkaure
D:6:      layout_loops_ring, serial_shops, shop, sigmund_army, uniq_grinder,
          uniq_duvessa, uniq_pikel
D:7:      layout_gridville, lightli_bailey_entry_fortress
D:8:      wad_crossroads, layout_basic, special_room [special_room_orc]
D:9:      layout_loops_corners, lair_entry_dummy, lightli_fourway_metalbox
D:10:     layout_irregular_city, nicolae_overflow_quartered_altars
D:11:     layout_irregular_city, orc_david_3, grunt_decor_resistance
D:12:     kennysheep_blocky_hall, layout_rooms, uniq_urug, uniq_nergalle
D:13:     layout_irregular_city, david_vaults_4,
          portal_ice_cave_entry_ice_simulacra, chequers_serial_rivers_micro_a,
          uniq_erolcha
Temple:   dshaligram_water_room_temple
Lair:1:   layout_gridlike, grunt_megastairs_4
Lair:2:   regret_index_bee_streams, layout_regular_city,
          guppyfry_snake_entry_garden, forest_entry_grove
Lair:3:   layout_loops_ring, minmay_shoals_entry_hut, serial_rivers,
          chequers_serial_rivers_micro_c, chequers_serial_rivers_large_b,
          chequers_serial_rivers_micro_a, chequers_serial_rivers_micro_e,
          chequers_serial_rivers_micro_b, chequers_serial_rivers_small_3,
          serial_bayou_shore_b
Lair:4:   layout_gridlike, beast_lair_carwin_3, lemuel_fruit_fields, uniq_rupert
Lair:5:   layout_misc_corridors
Lair:6:   minmay_lair_end_frog_pond, layout_gridlike, slime_dummy,
          chequers_serial_rivers_large_a
Orc:1:    layout_caves, serial_shops, shop_statue, shop_fountains
Orc:2:    st_orc_mages, layout_caves, serial_shops, shop_fountains,
          gammafunk_ghost_cemetery
IceCv:    ice_cave_statue_garden_transporter

Notes
Turn   | Place    | Note
-------+----------+-------------------------------------------
     0 | D:1      | AIAndy the Demonspawn Fighter began the quest for the Orb.
     0 | D:1      | Reached XP level 1. HP: 18/18 MP: 1/1
   332 | D:1      | Found a faded altar of an unknown god.
   349 | D:1      | Became a worshipper of Makhleb the Destroyer
   349 | D:1      | Reached * piety under Makhleb
   448 | D:1      | Reached skill level 3 in Shields
   516 | D:1      | You feel monstrous as your demonic heritage exerts itself.
   516 | D:1      | Gained mutation: You have sharp fingernails. [demonic
                  | ancestry]
   516 | D:1      | Reached XP level 2. HP: 23/24 MP: 2/2
   903 | D:1      | Reached XP level 3. HP: 26/29 MP: 3/3
  1720 | D:2      | Got the Volume of the Mountains and the Voyage
  1897 | D:2      | Reached ** piety under Makhleb
  2089 | D:2      | Noticed Sigmund
  2195 | D:3      | Gained mutation: Your demonic aura sometimes causes spilled
                  | blood to erupt in flames. [demonic ancestry]
  2195 | D:3      | Reached XP level 4. HP: 31/37 MP: 4/4
  2291 | D:3      | Reached skill level 4 in Fighting
  2295 | D:3      | Reached skill level 1 in Unarmed Combat
  2499 | D:3      | Noticed Jessica
  2698 | D:3      | Noticed Ijyb
  2716 | D:3      | Killed Ijyb
  2782 | D:3      | Gained mutation: You have sharp toenails. [demonic
                  | ancestry]
  2782 | D:3      | Reached XP level 5. HP: 42/42 MP: 5/5
  2813 | D:3      | Reached skill level 4 in Shields
  3194 | D:4      | Noticed Blork the orc
  3205 | D:4      | Killed Blork the orc
  3206 | D:4      | Reached skill level 2 in Unarmed Combat
  3206 | D:4      | Reached skill level 1 in Invocations
  3459 | D:4      | Reached *** piety under Makhleb
  3460 | D:4      | Gained mutation: You have a pair of small antennae on your
                  | head. [demonic ancestry]
  3460 | D:4      | Reached XP level 6. HP: 27/49 MP: 4/7
  3609 | D:4      | Reached skill level 2 in Invocations
  4059 | D:4      | Identified the -6 cloak of Lijuh {-Cast rElec rF++ rCorr}
  4458 | D:5      | Entered Level 5 of the Dungeon
  4494 | D:5      | Found a radiant altar of Vehumet.
  4638 | D:5      | Found an iron altar of Okawaru.
  4710 | D:5      | Reached skill level 5 in Fighting
  4860 | D:5      | Noticed Menkaure
  4923 | D:5      | Found a staircase to the Ecumenical Temple.
  5071 | D:5      | Reached skill level 3 in Unarmed Combat
  5071 | D:5      | Reached skill level 3 in Invocations
  5071 | D:5      | Reached XP level 7. HP: 56/56 MP: 9/9
  5397 | D:6      | Identified a potion of resistance
  5501 | D:6      | Noticed a steam dragon
  5517 | D:6      | Killed a steam dragon
  5518 | D:6      | Reached skill level 5 in Shields
  5518 | D:6      | Reached skill level 4 in Invocations
  5798 | D:6      | Noticed Dowan
  5800 | D:6      | Noticed Duvessa
  5805 | D:6      | Killed Dowan
  5814 | D:6      | Killed Duvessa
  5815 | D:6      | Gained mutation: You have razor-sharp toenails. [demonic
                  | ancestry]
  5815 | D:6      | Reached XP level 8. HP: 39/64 MP: 7/11
  5971 | D:6      | Noticed Grinder
  5976 | D:6      | Killed Grinder
  5977 | D:6      | Reached skill level 6 in Fighting
  5977 | D:6      | Reached skill level 4 in Unarmed Combat
  5977 | D:6      | Reached skill level 5 in Invocations
  6159 | D:6      | Found Hucwoewk's Magic Scroll Emporium.
  6167 | D:6      | Bought a scroll of blinking for 112 gold pieces
  6167 | D:6      | Bought a scroll of teleportation for 45 gold pieces
  6248 | D:6      | Noticed Pikel
  6322 | D:7      | Identified the +11 hand axe "Lyejipn" {protect, *Slow rPois
                  | Dex+6 Stlth+}
  6343 | D:7      | Found a flagged portal.
  6372 | Bailey   | Entered a bailey
  6599 | Bailey   | Reached **** piety under Makhleb
  6703 | Bailey   | Noticed an orc knight
  6723 | Bailey   | Killed an orc knight
  6724 | Bailey   | Reached skill level 6 in Shields
  6724 | Bailey   | Reached skill level 6 in Invocations
  7272 | D:7      | Reached skill level 5 in Unarmed Combat
  7353 | D:7      | Reached XP level 9. HP: 59/71 MP: 9/14
  7690 | D:7      | Reached skill level 7 in Fighting
  7690 | D:7      | Reached skill level 7 in Invocations
  8210 | D:8      | Identified the +5 trident of the Warrior {elec, rF+}
  8495 | D:8      | Found the +5 scythe "Finisher" {speed, eviscerate}
  8522 | D:8      | Reached skill level 7 in Shields
  8522 | D:8      | Reached skill level 8 in Invocations
  8527 | D:8      | Reached skill level 6 in Unarmed Combat
  9196 | D:8      | Noticed a two-headed ogre
  9405 | D:8      | Reached skill level 8 in Fighting
  9521 | D:8      | Killed a two-headed ogre
  9522 | D:8      | Reached skill level 9 in Invocations
  9522 | D:8      | Gained mutation: You regenerate a little health from kills.
                  | [demonic ancestry]
  9522 | D:8      | Reached XP level 10. HP: 52/80 MP: 9/16
  9849 | D:9      | Noticed a centaur warrior
  9870 | D:9      | Killed a centaur warrior
  9871 | D:9      | Reached skill level 8 in Shields
  9871 | D:9      | Reached skill level 7 in Unarmed Combat
 10199 | D:9      | Noticed a two-headed ogre
 10608 | D:9      | Found a staircase to the Lair.
 10995 | D:10     | Entered Level 10 of the Dungeon
 11106 | D:10     | Reached skill level 10 in Invocations
 11111 | D:10     | Reached skill level 9 in Fighting
 11209 | D:10     | Found a sparkling altar of Nemelex Xobeh.
 11209 | D:10     | Found a blossoming altar of Fedhas.
 11210 | D:10     | Found a hide-covered altar of Uskayaw.
 11249 | D:10     | Found a sacrificial altar of Ru.
 11321 | D:10     | Reached ***** piety under Makhleb
 11468 | D:10     | Gained mutation: You have very sharp fingernails. [demonic
                  | ancestry]
 11468 | D:10     | Reached XP level 11. HP: 89/89 MP: 18/18
 11839 | D:11     | Found a staircase to the Orcish Mines.
 12224 | D:11     | Reached skill level 8 in Unarmed Combat
 13239 | D:6      | Killed Pikel
 13240 | D:6      | Reached skill level 9 in Shields
 13240 | D:6      | Reached skill level 11 in Invocations
 13259 | D:6      | Bought a scroll of identify for 30 gold pieces
 13259 | D:6      | Bought a scroll of identify for 30 gold pieces
 13259 | D:6      | Bought a scroll of identify for 30 gold pieces
 13263 | D:6      | Acquired the ring "Itum" {rPois rF+ Int+4 SInv Stlth+}
 13388 | D:2      | Killed Sigmund
 14157 | D:5      | Killed Menkaure
 14502 | Temple   | Entered the Ecumenical Temple
 14749 | Lair:1   | Entered Level 1 of the Lair of Beasts
 14933 | Lair:1   | Noticed a six-headed hydra
 14939 | Lair:1   | Killed a six-headed hydra
 14940 | Lair:1   | Reached skill level 10 in Fighting
 15503 | Lair:1   | Noticed an eight-headed hydra
 15509 | Lair:1   | Noticed a five-headed hydra
 15512 | Lair:1   | Killed an eight-headed hydra
 15513 | Lair:1   | Reached skill level 12 in Invocations
 15518 | Lair:1   | Killed a five-headed hydra
 15519 | Lair:1   | Reached skill level 9 in Unarmed Combat
 15744 | Lair:1   | Reached XP level 12. HP: 98/98 MP: 21/21
 15953 | Lair:2   | Found a staircase to the Snake Pit.
 16205 | Lair:2   | Reached skill level 10 in Shields
 16398 | Lair:2   | Reached skill level 11 in Fighting
 16563 | Lair:2   | Reached skill level 13 in Invocations
 16886 | Lair:2   | Reached skill level 10 in Unarmed Combat
 17365 | Lair:3   | Noticed a seven-headed hydra
 17369 | Lair:3   | Killed a seven-headed hydra
 17748 | Lair:3   | Gained mutation: You regenerate health from kills. [demonic
                  | ancestry]
 17748 | Lair:3   | Reached XP level 13. HP: 64/106 MP: 23/23
 18096 | Lair:3   | Found a staircase to the Shoals.
 18637 | Lair:4   | Reached skill level 11 in Shields
 18777 | Lair:4   | Reached skill level 14 in Invocations
 18929 | Lair:4   | Noticed Rupert
 18935 | Lair:4   | Paralysed by Rupert for 4 turns
 18943 | Lair:4   | Killed Rupert
 18944 | Lair:4   | Reached skill level 12 in Fighting
 19773 | Lair:6   | Entered Level 6 of the Lair of Beasts
 19897 | Lair:6   | Reached skill level 11 in Unarmed Combat
 19996 | Lair:6   | HP: 5/109 [electric eel/bolt of electricity (10)]
 20556 | Lair:6   | Reached skill level 15 in Invocations
 20560 | Lair:6   | Gained mutation: You have a pair of antennae on your head.
                  | [demonic ancestry]
 20560 | Lair:6   | Reached XP level 14. HP: 77/116 MP: 25/25
 20689 | Lair:6   | Found a staircase to the Slime Pits.
 21015 | Lair:6   | Reached skill level 12 in Shields
 21673 | Orc:1    | Entered Level 1 of the Orcish Mines
 21688 | Orc:1    | Noticed an orc warlord
 21703 | Orc:1    | Killed an orc warlord
 21704 | Orc:1    | Reached skill level 13 in Fighting
 21784 | Orc:1    | Reached ****** piety under Makhleb
 21886 | Orc:1    | Found Jiocudwae's General Store.
 21941 | Orc:2    | Entered Level 2 of the Orcish Mines
 22081 | Orc:2    | Noticed a cacodemon
 22331 | Orc:2    | HP: 10/116 [orc priest (2)]
 22336 | Orc:1    | HP: 10/116 [orc priest/divine providence (16)]
 23075 | Orc:2    | Found a staircase to the Elven Halls.
 23087 | Orc:2    | Found Agotz's Magic Scroll Emporium.
 23109 | Orc:2    | Bought a scroll of identify for 30 gold pieces
 23109 | Orc:2    | Bought a scroll of identify for 30 gold pieces
 23200 | Orc:2    | Found a runed translucent gate.
 23200 | Orc:2    | Found a runed translucent gate.
 23200 | Orc:2    | Found a runed translucent gate.
 23201 | Orc:2    | Noticed makewrite's ghost (journeyman MiFi)
 23202 | Orc:2    | Noticed sm0rk's ghost (journeyman MfIE)
 23202 | Orc:2    | Noticed dropboar's ghost (adept GrFi)
 23202 | Orc:2    | Noticed paps's ghost (journeyman DsGl)
 23202 | Orc:2    | Noticed chispire's ghost (adept MiBe)
 23614 | Orc:2    | Found Voblarph's Jewellery Shoppe.
 23614 | Orc:2    | Found Xonoa's Armour Emporium.
 23615 | Orc:2    | Found Acvak's Weapon Emporium.
 23619 | Orc:2    | Found Boeciy's Assorted Antiques.
 24422 | Orc:1    | Found Roow's Assorted Antiques.
 24676 | Orc:2    | Bought the ring of the Komodo Dragon {AC+4 Dex+5} for 695
                  | gold pieces
 24677 | Orc:2    | Bought a scroll labelled MEAGHINOLO for 31 gold pieces
 24677 | Orc:2    | Bought a potion of mutation for 248 gold pieces
 24717 | Orc:2    | Bought a scroll of identify for 30 gold pieces
 24719 | Orc:2    | Bought a scroll of identify for 30 gold pieces
 24798 | D:12     | Reached skill level 12 in Unarmed Combat
 24910 | D:12     | Reached skill level 16 in Invocations
 25267 | D:12     | Noticed Urug
 25275 | D:12     | Killed Urug
 25332 | D:12     | Noticed Nergalle
 25342 | D:12     | Killed Nergalle
 25451 | D:12     | Reached skill level 3 in Armour
 25812 | D:13     | Found a frozen archway.
 25813 | D:13     | Noticed Erolcha
 25823 | D:13     | Killed Erolcha
 25834 | IceCv    | Entered an ice cave
 25848 | IceCv    | HP: 11/118 [dire elephant simulacrum (20)]
 25849 | IceCv    | Slain by a dire elephant simulacrum

Vanquished Creatures
  Rupert (Lair:4)
  An orc warlord (Orc:1)
  7 hydras
  A boulder beetle (D:12)
  5 two-headed ogres
  2 centaur warriors
  3 orc high priests (Orc:2)
  A skeletal warrior (D:12)
  Pikel (D:6)
  2 orc knights
  A deep elf pyromancer (D:12)
  4 orc sorcerers (Orc:1)
  A cyclops (D:12)
  10 elephants
  6 black mambas
  An unseen horror (D:11)
  19 cane toads
  An efreet (D:13)
  9 komodo dragons
  A kobold demonologist (D:13)
  A rime drake (Lair:6)
  A hornet (D:8)
  A queen bee (Lair:2)
  2 tyrant leeches (Lair:6)
  3 polar bears
  4 trolls
  5 slime creatures (D:12)
  24 blink frogs
  9 dream sheep
  Sigmund (D:2)
  A snapping turtle (Lair:3)
  2 spriggans (Lair:2)
  A vampire (D:9)
  2 shadows
  2 wraiths
  27 yaks
  2 fire bats (Lair:6)
  8 wyverns
  3 basilisks
  2 steam dragons
  A fire elemental (Lair:1)
  8 vampire mosquitoes
  3 death yak simulacra
  Menkaure (D:5)
  3 wargs (Orc:1)
  3 acid dragons
  15 water moccasins
  Duvessa (D:6)
  24 orc warriors
  An ice beast (D:6)
  4 black bears
  5 ogres
  8 wolves
  2 lemures (D:6)
  7 centaurs
  4 kobold brigands
  Blork the orc (D:4)
  16 bullfrogs
  A scorpion (D:5)
  Dowan (D:6)
  28 killer bees
  13 wights
  3 howler monkeys (D:12)
  2 electric eels
  3 lava snakes
  6 centaur zombies
  A jelly (D:7)
  27 orc priests
  A centaur skeleton (D:4)
  A hound (D:6)
  2 gnoll shamans
  Ijyb (D:3)
  2 iguanas
  18 orc wizards
  4 hell rats (Lair:6)
  A troll simulacrum (D:13)
  2 wolf simulacra (D:13)
  A hound skeleton (D:4)
  A howler monkey zombie (D:8)
  29 gnolls
  6 adders
  A naga simulacrum (D:13)
  A shadow imp (D:7)
  A white imp (D:6)
  2 worms
  2 dart slugs
  72 orcs
  7 ball pythons
  10 endoplasms
  3 giant cockroaches
  9 goblins
  23 hobgoblins
  7 jackals
  6 quokkas
  2 bats (D:2)
  3 frilled lizards
  28 kobolds
  7 rats
623 creatures vanquished.

Vanquished Creatures (collateral kills)
  A hydra (Lair:1)
  An orc high priest (Orc:2)
  Nergalle (D:12)
  Urug (D:12)
  An orc knight (Bailey)
  A cyclops (D:12)
  An orc sorcerer (Orc:1)
  5 elephants
  A torpor snail (Lair:2)
  A black mamba (Lair:4)
  2 cane toads (Lair:6)
  2 tyrant leeches (Lair:6)
  2 dream sheep
  Grinder (D:6)
  6 blink frogs
  A yak (Lair:6)
  3 basilisks (Lair:2)
  A vampire mosquito (D:12)
  A naga (Lair:2)
  A water moccasin (Lair:2)
  3 orc warriors (Orc:1)
  A wolf (Lair:2)
  A bullfrog (Lair:2)
  A gnoll sergeant (D:7)
  A two-headed ogre simulacrum (D:13)
  7 killer bees (Lair:2)
  An orc priest (Orc:2)
  3 orc wizards
  2 gnolls (Bailey)
  2 naga simulacra (D:13)
  6 orcs
  2 hobgoblins (Bailey)
64 creatures vanquished.

Vanquished Creatures (others)
  Erolcha (D:13)
  30 fungi
  79 plants
110 creatures vanquished.

Grand Total: 797 creatures vanquished

Table legend: (Time is in decaauts)
 A = Elapsed time spent in this place.
 B = Non-inter-level travel time spent in this place.
 C = Inter-level travel time spent in this place.
 D = Time resting spent in this place.
 E = Time spent auto-exploring this place.
 F = Levels seen in this place.
 G = Mean time per level.
                   A        B        C        D        E       F      G
               +--------+--------+--------+--------+--------+-----+--------+
         Total |  25982 |  24513 |   1469 |   2887 |  16660 |  24 | 1082.6 |
       Dungeon |  15154 |  14043 |   1111 |    991 |  10348 |  13 | 1165.7 |
        Temple |    132 |    109 |     23 |      0 |    100 |   1 |  132.0 |
          Lair |   6917 |   6730 |    187 |    496 |   4809 |   6 | 1152.8 |
  Orcish Mines |   3038 |   2891 |    147 |   1243 |   1114 |   2 | 1519.0 |
        Bailey |    726 |    726 |      0 |    157 |    288 |   1 |  726.0 |
      Ice Cave |     13 |     13 |      0 |      0 |      0 |   1 |   13.0 |
               +--------+--------+--------+--------+--------+-----+--------+

Top non-repeatable levels by time:
   Orc:1: 2079 daAuts
     D:3: 1865 daAuts
     D:8: 1625 daAuts
  Lair:6: 1474 daAuts
     D:1: 1461 daAuts
     D:4: 1363 daAuts
  Lair:2: 1349 daAuts
  Lair:3: 1323 daAuts
     D:9: 1317 daAuts
     D:5: 1312 daAuts
     D:7: 1268 daAuts
    D:11: 1196 daAuts
     D:6: 1132 daAuts
  Lair:1: 1092 daAuts
   Orc:2: 958 daAuts

Table legend:
 A = Non-vault XP
 B = Vault XP
 C = Vault XP percentage of total XP
 D = Non-vault monster count
 E = Vault monster count
 F = Vault count percentage of total count
                 A         B        C        D         E       F
            +---------+---------+-------+---------+---------+-------
      Total |   67323 |   34797 |  34.1 |     438 |     248 |  36.2
            +---------+---------+-------+---------+---------+-------
        D:1 |      48 |       0 |   0.0 |      26 |       0 |   0.0
        D:2 |      46 |     243 |  84.1 |      19 |       2 |   9.5
        D:3 |     128 |      39 |  23.4 |      28 |       1 |   3.4
        D:4 |     183 |      94 |  33.9 |      17 |       1 |   5.6
        D:5 |     396 |     165 |  29.4 |      10 |       1 |   9.1
        D:6 |     408 |    1041 |  71.8 |       5 |      10 |  66.7
        D:7 |    1258 |      64 |   4.8 |      34 |      12 |  26.1
        D:8 |    2357 |     346 |  12.8 |      15 |      19 |  55.9
        D:9 |     727 |    1213 |  62.5 |      12 |       4 |  25.0
       D:10 |    3378 |       0 |   0.0 |      19 |       0 |   0.0
       D:11 |    1775 |     417 |  19.0 |       7 |       6 |  46.2
       D:12 |    8044 |    3137 |  28.1 |      27 |       6 |  18.2
       D:13 |     939 |    1123 |  54.5 |       3 |       9 |  75.0
     Lair:1 |    6593 |     623 |   8.6 |      18 |       2 |  10.0
     Lair:2 |    4911 |    6781 |  58.0 |      22 |      56 |  71.8
     Lair:3 |    4313 |     226 |   5.0 |      13 |       1 |   7.1
     Lair:4 |    6752 |    3760 |  35.8 |      23 |       6 |  20.7
     Lair:5 |    3854 |     188 |   4.7 |      16 |       1 |   5.9
     Lair:6 |   11611 |    9031 |  43.8 |      43 |      34 |  44.2
      Orc:1 |    8095 |     991 |  10.9 |      65 |      11 |  14.5
      Orc:2 |    1507 |    4250 |  73.8 |      16 |      30 |  65.2
     Bailey |       0 |     751 | 100.0 |       0 |      34 | 100.0
      IceCv |       0 |     314 | 100.0 |       0 |       2 | 100.0
            +---------+---------+-------+---------+---------+-------
